 Dungeon Crawl Stone Soup version 0.22-a0-580-gd5db89c (webtiles) character file.

180 sking99 the Digger (level 5, -8/32 HPs)
             Began as a Gargoyle Earth Elementalist on July 3, 2018.
             Mangled by an ogre
             ... wielding a +0 giant spiked club
              (12 damage)
             ... on level 4 of the Dungeon.
             The game lasted 00:08:59 (3943 turns).

sking99 the Digger (Gargoyle Earth Elementalist)    Turns: 3943, Time: 00:09:00

Health: -8/32      AC:  8    Str: 12    XL:     5   Next: 60%
Magic:  9/9        EV: 12    Int: 16    God:
Gold:   152        SH:  0    Dex: 10    Spells: 4/10 levels left

rFire    . . .     SeeInvis .   l - +1 falchion (elec)
rCold    . . .     Gourm    .   (no shield)
rNeg     + . .     Faith    .   c - +0 robe
rPois    ∞         Spirit   .   (no helmet)
rElec    +         Reflect  .   q - +1 cloak
rCorr    .         Harm     .   (no gloves)
MR       .....                  (no boots)
Stlth    ++........             (no amulet)
HPRegen  0.10/turn              (no ring)
MPRegen  0.11/turn              (no ring)

@: no status effects
A: negative energy resistance 1, electricity resistance, unbreathing,
petrification resistance, rot immunity, AC +4
a: no special abilities


You were on level 4 of the Dungeon.
You were not hungry.

You visited 1 branch of the dungeon, and saw 4 of its levels.

You collected 317 gold pieces.
You spent 165 gold pieces at shops.

Inventory:

Hand Weapons
 l - a +1 falchion of electrocution (weapon)
Armour
 c - a +0 robe (worn)
 q - a +1 cloak (worn)
Jewellery
 o - an uncursed ring of ice {unknown}
Scrolls
 e - a scroll of teleportation
 g - 3 scrolls of immolation
 h - 3 scrolls of remove curse
 i - a scroll of fear
 j - a scroll of identify
Potions
 a - 2 potions of curing {unknown}
 b - 2 potions of lignification
 f - 2 potions of haste
 m - a potion of agility {unknown}
 n - a potion of brilliance {unknown}
 p - a potion of invisibility {unknown}
 r - 2 potions of mutation
 s - 2 potions of flight {unknown}
Comestibles
 d - 8 rations
 k - 3 chunks of flesh


   Skills:
 + Level 2.8 Fighting
 - Level 1.5 Dodging
 - Level 2.1 Stealth
 + Level 3.2 Spellcasting
 + Level 0.9 Conjurations
 + Level 1.1 Transmutations
 + Level 5.0 Earth Magic


You had 4 spell levels left.
You knew the following spells:

 Your Spells              Type           Power        Failure   Level  Hunger
a - Sandblast             Erth           ###...       2%          1    None
b - Stone Arrow           Conj/Erth      ##....       16%         3    ###....
c - Passwall              Tmut/Erth      ##......     8%          2    ##.....

Your spell library contained the following spells:

 Spells                   Type           Power        Failure   Level  Hunger
 Lee's Rapid Deconstruct  Erth           ###.......   54%         5    ######.
 Petrify                  Tmut/Erth      ##......     45%         4    ####...


Dungeon Overview and Level Annotations

Branches:
Dungeon (4/15)
 Temple: D:4-7

Altars:
Elyvilon
Yredelemnul

Shops:
D:4 [


Innate Abilities, Weirdness & Mutations

You are resistant to torment.
Your stone body is resilient. (AC +4)
You are immune to poison.
You resist negative energy. (rN+)
You are resistant to electric shocks. (rElec)
You can survive without breathing.
You are immune to petrification.
You are immune to rotting.


Message History

The adder barely misses you.
You hit the adder.
The adder is heavily wounded.
The adder bites you but does no damage.
The ogre hits you with a giant spiked club!!
Ouch! That really hurt!
* * * LOW HITPOINT WARNING * * *
The adder bites you but does no damage. The adder closely misses you.
The adder barely misses you.
You riposte.
You closely miss the adder.
The adder is heavily wounded.
You completely miss the adder.
The adder is heavily wounded.
The adder bites you but does no damage. The adder barely misses you.
You hit the adder.
The adder is almost dead.
The adder barely misses you.
You riposte.
You hit the adder.
You kill the adder!
The ogre hits you with a giant spiked club!
You die...

######.#####
..........>#
.##.##.###.#
.##.##.# #.#
.##.##.# #.#
.##.##.# #.#
.##.##.# #.#
.##.##.# #.########
###.##.# #......@.#
#.##)# ########O#
#.##.# #.# #. #.#
#.#
##.##.##########.###
#...!..............#
#..##.##############
#...........#
#...#.#####.#


You could see an ogre.

Vanquished Creatures
  A hound (D:4)
  Crazy Yiuf (D:2)
  3 adders
  2 worms
  2 dart slugs
  5 leopard geckos
  2 orcs
  5 bats
  7 giant cockroaches
  14 goblins
  10 hobgoblins
  2 jackals (D:1)
  A quokka (D:3)
  3 ball pythons
  4 frilled lizards
  6 kobolds
  6 rats
74 creatures vanquished.

Notes
Turn   | Place    | Note
-------+----------+-------------------------------------------
     0 | D:1      | sking99 the Gargoyle Earth Elementalist began the quest for the Orb.
     0 | D:1      | Reached XP level 1. HP: 10/10 MP: 3/3
   179 | D:1      | Reached XP level 2. HP: 16/16 MP: 0/5
   280 | D:1      | Reached skill level 1 in Fighting
   506 | D:1      | Reached skill level 4 in Earth Magic
   719 | D:1      | Reached XP level 3. HP: 20/20 MP: 2/6
  1990 | D:2      | Found a runed door.
  2092 | D:2      | Reached XP level 4. HP: 26/26 MP: 3/8
  2268 | D:2      | Noticed Crazy Yiuf
  2276 | D:2      | Killed Crazy Yiuf
  2821 | D:3      | Learned a level 2 spell: Passwall
  2825 | D:3      | Learned a level 3 spell: Stone Arrow
  2877 | D:3      | Reached XP level 5. HP: 31/31 MP: 9/9
  2985 | D:3      | Found a white marble altar of Elyvilon.
  3653 | D:4      | Found a basalt altar of Yredelemnul.
  3734 | D:4      | Found Meicryasi's Antique Armour Boutique.
  3738 | D:4      | Reached skill level 1 in Transmutations
  3749 | D:4      | Bought a glowing cloak for 165 gold pieces
  3844 | D:4      | Reached skill level 5 in Earth Magic
  3917 | D:4      | Noticed an ogre
  3943 | D:4      | Mangled by an ogre

Vault maps used:
D:1:      minmay_arrival_open_corners, minmay_tripent
D:2:      kennysheep_the_goblin_king, first_ration, uniq_crazy_yiuf_cottage
D:3:      lemuel_doored_altar, serial_forest, infiniplex_forest_straight_1,
          infiniplex_forest_lined_4_way, infiniplex_forest_clump_medium,
          infiniplex_forest_end_3, infiniplex_forest_straight_3
D:4:      kennysheep_mini_moat, serial_shops,
          nicolae_shop_temple_entry_statues_fountains, kennysheep_generic_room_9

Skill      XL: |  1  2  3  4  5 |
---------------+----------------+-----
Fighting       | 1 2 |  2.8
Earth Magic    | 4 5 |  5.0
Spellcasting   | 3 |  3.2
Transmutations | 1 |  1.1
Dodging        | |  1.5
Stealth        | |  2.1
Conjurations   | |  0.9

Action                   |  1- 3 |  4- 6 || total
-------------------------+-------+-------++-------
Melee: Unarmed           |     2 |       ||     2
       Whip              |    51 |       ||    51
       Falchion          |    11 |    46 ||    57
 Cast: Sandblast         |    53 |    23 ||    76
       Stone Arrow       |       |     1 ||     1
  Use: Scroll            |       |     9 ||     9
 Stab: Sleeping          |     3 |     1 ||     4
  Eat: Chunk             |     4 |     6 ||    10
Armor: Robe              |    20 |    15 ||    35
Dodge: Dodged            |    63 |    37 ||   100
       Rpst.: Falchion   |     2 |    12 ||    14

Table legend:
 A = Spawn XP
 B = Non-spawn XP
 C = Spawn XP percentage of total XP
 D = Spawn monster count
 E = Non-spawn monster count
 F = Spawn count percentage of total count
 G = Total turns spent on level
                    A         B        C        D         E        F      G
               +---------+---------+-------+---------+---------+-------+---------
         Total |       0 |     258 |   0.0 |       0 |      74 |   0.0 |  3943
               +---------+---------+-------+---------+---------+-------+---------
           D:1 |       0 |      50 |   0.0 |       0 |      29 |   0.0 |  1121
           D:2 |       0 |      80 |   0.0 |       0 |      20 |   0.0 |  1307
           D:3 |       0 |      51 |   0.0 |       0 |      19 |   0.0 |  1153
           D:4 |       0 |      77 |   0.0 |       0 |       6 |   0.0 |   362
               +---------+---------+-------+---------+---------+-------+---------
